 Dungeon Crawl Stone Soup version 0.27-a0-1548-gf8a67e7463 (webtiles) character file.

Game seed: 11663923443147797499

51 ezpacito the Chopper (level 3, 0/29 HPs)
             Began as a Demonspawn Berserker on July 13, 2021.
             Was a Believer of Trog.
             Slain by Sigmund (9 damage)
             ... on level 2 of the Dungeon.
             The game lasted 00:05:08 (1943 turns).

ezpacito the Chopper (Demonspawn Berserker)         Turns: 1943, Time: 00:05:08

Health: 0/29       AC:  5    Str: 14 (17) XL:     3   Next: 58%
Magic:  3/3        EV: 11    Int:  7 (8)  God:    Trog [**....]
Gold:   50         SH:  0    Dex: 10 (13) Spells: 2/2 levels left

rFire    . . .     SeeInvis .   m - +3 mace (drain)
rCold    . . .     Faith    .   (no shield)
rNeg     . . .     Spirit   .   k - +0 leather armour
rPois    .         Reflect  .   (no helmet)
rElec    .         Harm     .   (no cloak)
rCorr    .         Rampage  .   (no gloves)
Will     .....                  (no boots)
Stlth    +.........             (no amulet)
HPRegen  0.09/turn              (no ring)
MPRegen  0.08/turn              (no ring)

@: no status effects
A: icy blue scales 1, powered by death 1
a: Renounce Religion, Berserk, Trog's Hand


You were on level 2 of the Dungeon.
You worshipped Trog.
Trog was pleased with you.
You visited 1 branch of the dungeon, and saw 2 of its levels.

You collected 75 gold pieces.
You spent 25 gold pieces at shops.

Inventory:

Hand Weapons
 a - a +0 hand axe
 c - a +0 dagger
 e - a +0 short sword
 h - a +0 dagger
 m - a +3 mace of draining (weapon)
 n - a +0 whip
 o - a +0 whip
Missiles
 f - 48 stones (quivered)
 g - 7 javelins
 i - 16 sling bullets
Armour
 b - a +0 animal skin
 k - a +0 leather armour (worn)
Scrolls
 l - a scroll of identify {unknown}


   Skills:
 + Level 3.4 Fighting
 * Level 3.5 Axes
 + Level 1.8 Armour
 * Level 2.2 Dodging


You had 2 spell levels left.
You didn't know any spells.
Your spell library was empty.

Dungeon Overview and Level Annotations

Branches:
Dungeon (2/15)

Altars:
Gozag

Shops:
D:2 *

Annotations:
D:2 1 runed translucent door, Crazy Yiuf, Natasha, Sigmund


Innate Abilities, Weirdness & Mutations

You are partially covered in icy blue scales. (AC +2)
You regenerate a little health from kills.


Message History

The bat hits you but does no damage. The bat hits you but does no damage.
The bat barely misses you. The bat misses you. The bat barely misses you.
You closely miss the bat. The bat closely misses you.
The bat hits you but does no damage. The bat hits you but does no damage.
The bat hits you.
You hit the bat.
You kill the bat!
Trog accepts your kill.
Sigmund the Dreaded comes into view.
He is wielding a +2 scythe of protection.
Sigmund shouts!
You hear an angry hiss.
Sigmund is nearby!
As you read the scroll labelled FANOHEU OFIX, it crumbles to dust.
You feel aware of your surroundings.
It was a scroll of magic mapping.
Sigmund hits you from afar with a +2 scythe of protection.
Natasha, Servant of Life and Death comes into view.
As you read the scroll labelled KITIGO MOXTEBY, it crumbles to dust.
It is a scroll of enchant weapon.
Your +2 mace of draining glows red for a moment.
Sigmund hits you from afar with a +2 scythe of protection!
You sense an unholy aura.
m - a +3 mace of draining (weapon)
Sigmund hits you from afar with a +2 scythe of protection.
A goblin comes into view. It is wielding a +0 club.
Natasha howls an incantation.
Natasha shimmers violently.
Natasha claws you but does no damage. Sigmund closely misses you.
Sigmund gestures wildly while chanting.
Sigmund flickers and vanishes!
Deactivating autopickup; reactivate with Ctrl-A.
Natasha casts a spell at you. You resist with significant effort.
Natasha closely misses you. Something barely misses you.
A ball python comes into view.
The ball python hisses angrily.
Natasha claws you but does no damage. Something hits you.
Natasha barely misses you. Something hits you!
You die...

,,,,,,,,,* ##.#.###...###.#.#
**,,****,* ##.## ##........#
**,,,,,*,* ### ##†#.....#
,,,,,,,,,***##### #.#.#.###
**,,,,,,,,,,,...##*### #.....#
,,,,,,,,,,,,*#...,,..# ##...##
,*,,,,,,,**,*#{.#**#.# #.>.#
,*****,*###.##.h####.# #...#
,* *,*..S.g...@.##.# #...# ,*
***,*.##.##.##.##.# #...# ,*
*,,,,,g.,*#.##.##.####...#####
,*
*,,,,.****#...................
,* *,,,,,*
#.##...............[ ,*
*,,,,,* #.*###..............
** *,,,,,* #.* #######...##...
************ #.* #...##...
,,,,,,,,,,,* *,*** #...#####


You could see Natasha, a goblin and a ball python.

Vanquished Creatures
  A worm (D:2)
  2 ball pythons (D:1)
  5 endoplasms
  3 goblins (D:1)
  4 hobgoblins
  9 jackals (D:1)
  3 kobolds
  4 quokkas
  6 bats
  2 frilled lizards (D:1)
  A rat (D:1)
40 creatures vanquished.

Notes
Turn   | Place    | Note
-------+----------+-------------------------------------------
     0 | D:1      | ezpacito the Demonspawn Berserker began the quest for the
                  | Orb.
     0 | D:1      | Reached XP level 1. HP: 18/18 MP: 1/1
    95 | D:1      | Gained mutation: You are partially covered in icy blue
                  | scales. (AC +2) [demonic ancestry]
    95 | D:1      | Reached XP level 2. HP: 10/24 MP: 2/2
   844 | D:1      | Reached ** piety under Trog
  1044 | D:1      | Gained mutation: You regenerate a little health from kills.
                  | [demonic ancestry]
  1044 | D:1      | Reached XP level 3. HP: 29/29 MP: 3/3
  1563 | D:2      | Found a runed translucent door.
  1564 | D:2      | Noticed Crazy Yiuf
  1618 | D:2      | Found Bephikoq's Assorted Antiques.
  1624 | D:2      | Bought a scroll labelled CACUIG QOANIV for 25 gold pieces
  1649 | D:2      | Found an opulent altar of Gozag.
  1934 | D:2      | Noticed Sigmund
  1935 | D:2      | Noticed Natasha
  1943 | D:2      | Slain by Sigmund

Illustrated notes

Levels and vault maps discovered:
D:1:      kennysheep_arrival_forest, layout_rooms, minmay_misc_feat_square
D:2:      layout_loops_cross, basic_altar, serial_shops,
          nicolae_shop_behind_doors, uniq_crazy_yiuf_cottage, uniq_sigmund,
          uniq_natasha

Skill      XL: |  1  2 |
---------------+-------+-----
Axes           | 3 |  3.5
Dodging        | 2 |  2.2
Fighting       | |  3.4
Armour         | |  1.8

Action                   || total
-------------------------++-------
Melee: Hand axe          ||   145
  Use: Scroll            ||     4
       Potion            ||     3
Armor: Animal skin       ||    27
       Leather armour    ||    44
Dodge: Dodged            ||   147

Table legend: (Time is in decaauts)
 A = Elapsed time spent in this place.
 B = Non-inter-level travel time spent in this place.
 C = Inter-level travel time spent in this place.
 D = Time resting spent in this place.
 E = Time spent auto-exploring this place.
 F = Levels seen in this place.
 G = Mean time per level.
                   A        B        C        D        E       F      G
               +--------+--------+--------+--------+--------+-----+--------+
         Total |   1944 |   1901 |     43 |    550 |    902 |   2 |  972.0 |
       Dungeon |   1944 |   1901 |     43 |    550 |    902 |   2 |  972.0 |
               +--------+--------+--------+--------+--------+-----+--------+

Top non-repeatable levels by time:
     D:1: 1340 daAuts
     D:2: 604 daAuts
